 Dungeon Crawl Stone Soup version 0.26.1-11-gd32895ea62 (webtiles) character file.

Game seed: 9152501900134932801

97 Zeld the Twirler (level 4, -10/43 HPs)
             Began as an Octopode Gladiator on May 22, 2021.
             Mangled by an ogre
             ... wielding a +0 giant club
              (12 damage)
             ... on level 4 of the Dungeon.
             The game lasted 00:01:48 (1216 turns).

Zeld the Twirler (Octopode Gladiator)               Turns: 1216, Time: 00:01:48

Health: -10/43     AC: 22    Str: 14    XL:     4   Next: 68%
Magic:  4/4        EV:  2    Int: 10    God:
Gold:   52         SH:  0    Dex: 13    Spells: 3/3 levels left

rFire    . . .     SeeInvis .   a - +0 quarterstaff
rCold    . . .     Faith    .   (shield currently unavailable)
rNeg     + + +     Spirit   .   (helmet currently unavailable)
rPois    +         Reflect  .   (no amulet)
rElec    .         Harm     .   (no ring)
rCorr    .         Rampage  .   (no ring)
Will     .....     NoTele   +   (no ring)
Stlth    +.........             (no ring)
HPRegen  0.14/turn              (no ring)
MPRegen  0.09/turn              (no ring)
                                (no ring)
                                (no ring)

@: lethally poisoned (-10 -> -14), tree-form
A: almost no armour, stealthy swim, (amphibious), 8 rings, (constrict 8)
a: no special abilities


You were on level 4 of the Dungeon.
You were a tree.
You visited 1 branch of the dungeon, and saw 4 of its levels.

You collected 52 gold pieces.

Inventory:

Hand Weapons
 a - a +0 quarterstaff (weapon)
Missiles
 c - 3 throwing nets (quivered)
 e - 4 boomerangs
Armour
 b - a +0 hat (melded)
Scrolls
 g - a scroll of remove curse {unknown}
 h - 2 scrolls of identify {unknown}
Potions
 d - a potion of lignification
 f - a potion of attraction {unknown}


   Skills:
 - Level 2.0 Fighting
 * Level 5.3 Staves
 - Level 2.0 Throwing
 - Level 3.0 Dodging


You had 3 spell levels left.
You didn't know any spells.
Your spell library was empty.

Dungeon Overview and Level Annotations

Branches:
Dungeon (4/15)
 Temple: D:4-7

Altars:
Dithmenos

Annotations:
D:4 3 runed translucent doors, Eryximachus's ghost, amateur GrEE


Innate Abilities, Weirdness & Mutations

You cannot wear most types of armour.
You are very stealthy in the water. (Stealth+)
((You are amphibious.))
You can wear up to eight rings at the same time.
((You can use your tentacles to constrict eight enemies at once.))
((Your skin changes colour to match your surroundings (Stealth+).))
((Your rubbery body absorbs attacks. (AC +1, EV +1)))


Message History

It was a potion of lignification.
You turn into a tree.
Your +0 hat melds into your body.
Your roots penetrate the ground.
You lose your grip on the worker ant.
The worker ant bites you but does no damage.
You barely miss the worker ant.
The worker ant is almost dead.
* * * LOW HITPOINT WARNING * * *
You feel sick.
The worker ant bites you but does no damage. x2
You hit the worker ant.
You kill the worker ant!
* * * LOW HITPOINT WARNING * * *
You feel sick.
You sock the orc!
You kill the orc!
You hear the brisk rusting of a distant drain.
You hit the ogre.
The ogre is lightly wounded.
The ogre hits you with a +0 giant club!
You die...

############
($.....♣Oor#
##########.#
#.#
#O#+######
#r.......#
#ol...[..#
#.{......###
#..>........
#........#


You could see an ogre, an orc and a quokka.

Vanquished Creatures
  A worker ant (D:4)
  A howler monkey skeleton (D:4)
  3 adders (D:2)
  A worm (D:2)
  3 dart slugs (D:2)
  An orc (D:4)
  3 bats
  A goblin (D:1)
  A hobgoblin (D:1)
  8 jackals
  A kobold (D:1)
  2 ball pythons
  2 rats
28 creatures vanquished.

Notes
Turn   | Place    | Note
-------+----------+-------------------------------------------
     0 | D:1      | Zeld the Octopode Gladiator began the quest for the Orb.
     0 | D:1      | Reached XP level 1. HP: 14/14 MP: 1/1
   180 | D:1      | Reached XP level 2. HP: 15/19 MP: 2/2
   296 | D:2      | Found a shadowy altar of Dithmenos.
   491 | D:2      | Reached skill level 4 in Staves
   491 | D:2      | Reached XP level 3. HP: 24/24 MP: 3/3
   869 | D:4      | Reached XP level 4. HP: 27/29 MP: 4/4
   907 | D:4      | Reached skill level 5 in Staves
  1050 | D:4      | Noticed an ogre
  1050 | D:4      | Noticed an ogre
  1101 | D:4      | Found a runed translucent gate.
  1101 | D:4      | Found a runed translucent gate.
  1102 | D:4      | Found a runed translucent gate.
  1104 | D:4      | Noticed Eryximachus's ghost (amateur GrEE)
  1213 | D:4      | HP: 2/43 [poisoned by a worker ant]
  1216 | D:4      | Mangled by an ogre

Illustrated notes

Levels and vault maps discovered:
D:1:      dpeg_arrival_tiny_i, layout_loops_ring, minivault_24,
          minmay_misc_feat_diagonals
D:2:      layout_basic, lemuel_round_altar, minitemple, st_stairs_5
D:3:      layout_rooms, tgw_trog, chequers_serial_rivers_room_a, uniq_natasha
D:4:      layout_basic, gammafunk_ghost_split, serial_shops, shop,
          portal_sewer_entry_a

Skill      XL: |  1  2  3  4 |
---------------+-------------+-----
Staves         | 4 5 |  5.3
Fighting       | |  2.0
Throwing       | |  2.0
Dodging        | |  3.0

Action                   |  1- 3 |  4- 6 || total
-------------------------+-------+-------++-------
Melee: Quarterstaff      |    44 |    15 ||    59
       Tentacles         |     8 |     1 ||     9
       Constrict         |    12 |     2 ||    14
  Use: Potion            |       |     1 ||     1
 Stab: Sleeping          |     1 |     1 ||     2
Armor: Skin              |     2 |     3 ||     5
Dodge: Dodged            |    45 |    14 ||    59
